 Dungeon Sprint DCSS version 0.21-a0-286-g6fcecc0 (webtiles) character file.

3609 potatolord6000 the Blocker (level 10, -17/89 HPs)
             Began as a Formicid Fighter on Sept 27, 2017.
             Was a Follower of Zin.
             Demolished by a cyclops (20 damage)
             ... in the Dungeon (Sprint VII: "The Pits").
             The game lasted 00:05:19 (1529 turns).

potatolord6000 the Blocker (Formicid Fighter)       Turns: 1529, Time: 00:05:20

Health: -17/89     AC: 19    Str: 24    XL:     10   Next: 32%
Magic:  18/18      EV:  8    Int: 11    God:    Zin [*.....]
Gold:   0          SH: 13    Dex: 13    Spells: 9/9 levels left

rFire    . . .     SeeInvis +   r - +0 lajatang
rCold    . . .     Gourm    .   c - +0 shield
rNeg     . . .     Faith    .   a - +3 chain mail
rPois    .         Spirit   .   (helmet unavailable)
rElec    .         Reflect  .   t - +0 cloak
rCorr    .         Harm     .   g - +0 pair of gloves
MR       +....                  s - +0 pair of boots
Stlth    ..........             (no amulet)
HPRegen  0.24/turn              d - +3 ring of intelligence
MPRegen  0.16/turn              h - +3 ring of dexterity

@: no status effects
A: permanent stasis, dig shafts and tunnels, four strong arms, antennae 3
a: Dig, Recite, Donate Gold, Renounce Religion


You were in the Dungeon.
You worshipped Zin.
Zin was aware of your devotion.
You were very full.

You visited 1 branch

Inventory:

Hand Weapons
 r - a +0 lajatang (weapon)
Armour
 a - a +3 chain mail (worn)
 c - a +0 shield (worn)
 g - a +0 pair of gloves (worn)
 s - a +0 pair of boots (worn)
 t - a +0 cloak (worn)
Jewellery
 d - a +3 ring of intelligence (left hand)
 h - a +3 ring of dexterity (right hand)
Scrolls
 m - 3 scrolls of remove curse
 n - 5 scrolls of amnesia
 o - a scroll of summoning
Potions
 b - 6 potions of curing
 e - 5 potions of heal wounds
 i - 4 potions of magic
 j - a potion of agility
 k - 2 potions of might
 l - 2 potions of invisibility
Comestibles
 f - 8 bread rations
 p - 40 fruits
 q - 5 meat rations


   Skills:
 + Level 11.7 Fighting
 + Level 10.7 Staves
 + Level 11.9 Armour
 + Level 12.9 Shields
 + Level 11.1 Invocations


You had 9 spell levels left.
You didn't know any spells.

Dungeon Overview and Level Annotations

Branches:
Dungeon (1/1)

Altars:
Ashenzari
Cheibriados
Dithmenos
Elyvilon
Fedhas
Gozag
Hepliaklqana
Kikubaaqudgha
Makhleb
Nemelex Xobeh
Okawaru
Qazlal
Ru
Sif Muna
Trog
Uskayaw
Vehumet
Wu Jian
Xom
Yredelemnul
Zin
The Shining One
Beogh
Jiyva
Lugonu


Innate Abilities, Weirdness & Mutations

You cannot be hasted, slowed, berserked, paralysed or teleported.
You can dig through walls and to a lower floor.
Your four strong arms can wield two-handed weapons with a shield.
You have a pair of large antennae on your head. (SInv)


Message History

You hit the cyclops but do no damage.
The cyclops is heavily wounded.
The blink frog closely misses you. The cyclops closely misses you.
Unknown command.
You hit the cyclops.
The cyclops is severely wounded.
The gnoll barely misses you. The blink frog hits you.
* * * LOW HITPOINT WARNING * * *
Unknown command.
You hit the cyclops but do no damage.
The cyclops is severely wounded.
The blink frog hits you!
* * * LOW HITPOINT WARNING * * *
You block the cyclops's attack.
The white imp is lost in a daze.
The gnoll barely misses you.
You slash the cyclops!
The cyclops is almost dead.
The blink frog blinks!
The white imp is lost in a daze.
The blink frog blinks!
The gnoll is lost in a daze.
The cyclops hits you!!
You die...

#................+
'................+
#......#..#......# {
#................#
####'#####''######
#.......##''#########
#.......##.†....#...+
#.......##....###g5.###
#...<...##...##§@Cg.'.#
#.......##..##..##l##..#
#.......##..#..##{{F#
..+
#.......##..#..#.....#
.#
##########..'÷.+.....+ +
##########..#..#.....#
...#.!..##..#..##...##
...#..[.##.)##..##+##{
...'..))##...##.+ {


You could see a cyclops, a basilisk, a blink frog, a gnoll (dazed), a white imp
(dazed) and a goblin.

Vanquished Creatures
  A death yak (D)
  A manticore (D)
  An elephant (D)
  A molten gargoyle (D)
  A smoke demon (D)
  An orange demon (D)
  A spriggan (D)
  A warg (D)
  A floating eye (D)
  An orc warrior (D)
  A phantom (D)
  5 wolves (D)
  A centaur (D)
  A bullfrog (D)
  A gnoll sergeant (D)
  An iron imp (D)
  3 orc wizards (D)
  A gnoll shaman (D)
  An iguana (D)
  5 gnolls (D)
  2 river rats (D)
  2 adder zombies (D)
  A leopard gecko (D)
  5 orcs (D)
  A ball python (D)
  2 bats (D)
  A hobgoblin (D)
  3 jackals (D)
  A giant cockroach zombie (D)
  A kobold (D)
  A quokka skeleton (D)
50 creatures vanquished.

Notes
Turn   | Place    | Note
-------+----------+-------------------------------------------
     0 | D        | potatolord6000 the Formicid Fighter began the quest for the Orb.
     0 | D        | Reached XP level 1. HP: 18/18 MP: 1/1
    11 | D        | Noticed a floating eye
    14 | D        | Killed a floating eye
    14 | D        | Reached skill level 5 in Fighting
    14 | D        | Reached skill level 5 in Armour
    14 | D        | Reached skill level 6 in Shields
    14 | D        | Reached XP level 2. HP: 28/28 MP: 2/2
    14 | D        | Reached XP level 3. HP: 34/34 MP: 3/3
    14 | D        | Reached XP level 4. HP: 40/40 MP: 4/4
    14 | D        | Reached XP level 5. HP: 46/46 MP: 5/5
    45 | D        | Found a bloodstained altar of Trog.
    45 | D        | Found a deep blue altar of Sif Muna.
    45 | D        | Found a viscous altar of Jiyva.
    45 | D        | Found a hazy altar of Hepliaklqana.
    45 | D        | Found an opulent altar of Gozag.
    46 | D        | Found a glowing golden altar of the Shining One.
    46 | D        | Found a glowing silver altar of Zin.
    46 | D        | Found a basalt altar of Yredelemnul.
    46 | D        | Found a shimmering altar of Xom.
    46 | D        | Found an ornate altar of the Wu Jian Council.
    46 | D        | Found a sacrificial altar of Ru.
    46 | D        | Found a stormy altar of Qazlal.
    46 | D        | Found an iron altar of Okawaru.
    46 | D        | Found a sparkling altar of Nemelex Xobeh.
    46 | D        | Found a burning altar of Makhleb.
    46 | D        | Found a blossoming altar of Fedhas.
    46 | D        | Found a white marble altar of Elyvilon.
    46 | D        | Found a shadowy altar of Dithmenos.
    46 | D        | Found a snail-covered altar of Cheibriados.
    48 | D        | Found a radiant altar of Vehumet.
    48 | D        | Found a corrupted altar of Lugonu.
    48 | D        | Found a roughly hewn altar of Beogh.
    50 | D        | Found an ancient bone altar of Kikubaaqudgha.
    50 | D        | Found a hide-covered altar of Uskayaw.
    50 | D        | Found a shattered altar of Ashenzari.
    56 | D        | Became a worshipper of Zin the Law-Giver
    91 | D        | Reached skill level 1 in Invocations
    94 | D        | Reached skill level 5 in Staves
    99 | D        | Noticed a centaur
   108 | D        | Killed a centaur
   108 | D        | Reached skill level 7 in Shields
   108 | D        | Reached XP level 6. HP: 26/53 MP: 5/8
   313 | D        | Noticed a warg
   344 | D        | Killed a warg
   344 | D        | Reached skill level 8 in Shields
   344 | D        | Reached skill level 5 in Invocations
   354 | D        | Reached XP level 7. HP: 42/61 MP: 10/10
   369 | D        | Reached skill level 9 in Shields
   475 | D        | Noticed a molten gargoyle
   492 | D        | Killed a molten gargoyle
   492 | D        | Reached skill level 10 in Shields
   492 | D        | Reached XP level 8. HP: 41/71 MP: 11/13
   645 | D        | Reached * piety under Zin
   660 | D        | Noticed an orange demon
   696 | D        | Reached skill level 10 in Armour
   697 | D        | Reached skill level 11 in Shields
   697 | D        | Reached XP level 9. HP: 33/78 MP: 15/15
   708 | D        | Killed an orange demon
   708 | D        | Reached skill level 10 in Fighting
   981 | D        | Noticed a manticore
   995 | D        | Killed a manticore
   995 | D        | Reached skill level 12 in Shields
   995 | D        | Reached skill level 10 in Invocations
  1108 | D        | Noticed a smoke demon
  1108 | D        | Noticed a death yak
  1126 | D        | Killed a smoke demon
  1126 | D        | Reached skill level 10 in Staves
  1130 | D        | HP: 4/81 [death yak (5)]
  1132 | D        | Killed a death yak
  1132 | D        | Reached XP level 10. HP: 5/88 MP: 16/18
  1498 | D        | Noticed an elephant
  1501 | D        | Noticed a cyclops
  1521 | D        | Killed an elephant
  1528 | D        | HP: 3/89 [blink frog (13)]
  1529 | D        | Demolished by a cyclops

Vault maps used:
D:        pitsprint

Skill      XL: |  1  2  3  4  5  6  7  8  9 10 |
---------------+-------------------------------+-----
Fighting       | 5 6 7 9 11 | 11.7
Staves         | 4 5 6 8 9 10 | 10.7
Armour         | 5 6 7 9 10 11 | 11.9
Shields        | 6 7 8 10 11 12 | 12.9
Invocations    | 3 5 7 8 10 11 | 11.1

Action                   |  1- 3 |  4- 6 |  7- 9 | 10-12 || total
-------------------------+-------+-------+-------+-------++-------
Melee: Quarterstaff      |     2 |    68 |   165 |       ||   235
       Lajatang          |       |       |    34 |    40 ||    74
Invok: Recite            |       |       |     2 |     1 ||     3
  Use: Potion            |       |     2 |     5 |       ||     7
  Eat: Meat ration       |       |       |     2 |       ||     2
Armor: Scale mail        |       |    21 |       |       ||    21
       Chain mail        |       |    11 |   104 |    37 ||   152
Dodge: Dodged            |       |    24 |    76 |    28 ||   128
Block: Shield            |       |    42 |   138 |    56 ||   236

Table legend:
 A = Spawn XP
 B = Non-spawn XP
 C = Spawn XP percentage of total XP
 D = Spawn monster count
 E = Non-spawn monster count
 F = Spawn count percentage of total count
 G = Total turns spent on level
                    A         B        C        D         E        F      G
               +---------+---------+-------+---------+---------+-------+---------
         Total |       0 |    5157 |   0.0 |       0 |      50 |   0.0 |  1529
               +---------+---------+-------+---------+---------+-------+---------
             D |       0 |    5157 |   0.0 |       0 |      50 |   0.0 |  1529
               +---------+---------+-------+---------+---------+-------+---------
